 Dungeon Crawl Stone Soup version 0.21.1-1-g345015f (webtiles) character file.

135 Mirai the Magician (level 4, 0/24 HPs)
             Began as a Deep Elf Conjurer on Mar 29, 2018.
             Slain by Grinder (3 damage)
             ... while paralysed by Grinder
             ... on level 3 of the Dungeon.
             The game lasted 00:07:44 (2284 turns).

Mirai the Magician (Deep Elf Conjurer)              Turns: 2284, Time: 00:07:45

Health: 0/24       AC:  5    Str:  5    XL:     4   Next: 97%
Magic:  6/15       EV:  2    Int: 21    God:
Gold:   104        SH:  0    Dex: 15    Spells: 6/17 levels left

rFire    . . .     SeeInvis .   e - +0 spear (freeze)
rCold    . . .     Gourm    .   (no shield)
rNeg     . . .     Faith    .   w - +2 robe {MR+}
rPois    .         Spirit   .   k - +0 helmet
rElec    .         Reflect  .   (no cloak)
rCorr    .         Harm     .   (no gloves)
MR       +....     Rnd*Tele +   (no boots)
Stlth    ++........             (no amulet)
HPRegen  0.08/turn              f - ring of wizardry
MPRegen  0.14/turn              h - ring of teleportation (curse)

@: paralysed
A: no striking features
a: no special abilities


You were on level 3 of the Dungeon.
You were not hungry.

You visited 1 branch of the dungeon, and saw 3 of its levels.

You collected 104 gold pieces.

Inventory:

Hand Weapons
 e - a +0 spear of freezing (weapon)
Armour
 k - a +0 helmet (worn)
 w - a +2 robe of magic resistance (worn)
Jewellery
 f - a ring of wizardry (left hand)
 h - a cursed ring of teleportation (right hand)
Scrolls
 g - 6 scrolls of identify {unknown}
 i - 3 scrolls of teleportation {unknown}
 l - 2 scrolls of amnesia {unknown}
 q - a scroll of blinking {unknown}
 r - a scroll of fog {unknown}
 s - a scroll of magic mapping {unknown}
 v - a scroll of fear {unknown}
Potions
 d - a potion of curing {unknown}
 j - a potion of degeneration {unknown}
 m - a potion of invisibility {unknown}
 n - a potion of heal wounds {unknown}
 o - a potion of lignification {unknown}
 p - a potion of cancellation {unknown}
 t - a potion of magic {unknown}
Books
 b - a book of Conjurations

   Spells                             Type                      Level
   a - Magic Dart                     Conjuration                  1
   b - Searing Ray                    Conjuration                  2
   c - Dazzling Spray                 Conjuration/Hexes            3
   d - Fulminant Prism                Conjuration/Hexes            4
   e - Force Lance                    Conjuration/Translocation    4
   f - Iskenderun's Mystic Blast      Conjuration                  4
Comestibles
 c - 6 rations
 u - 2 chunks of flesh


   Skills:
 - Level 2.4 Dodging
 - Level 2.4 Stealth
 + Level 7.0 Spellcasting
 - Level 4.3 Conjurations


You had 6 spell levels left.
You knew the following spells:

 Your Spells              Type           Power        Failure   Level  Hunger
a - Magic Dart            Conj           ####         1%          1    None
b - Searing Ray           Conj           ####..       1%          2    None
c - Iskenderun's Mystic   Conj           ####....     6%          4    ###....
d - Fulminant Prism       Conj/Hex       ###.......   14%         4    ###....


Dungeon Overview and Level Annotations

Branches:
Dungeon (3/15)

Altars:
Trog

Annotations:
D:3 Grinder


Message History

Unknown command.
Casting: Searing Ray
Confirm with . or Enter, or press ? or * to list all spells.
Aiming: Searing Ray
Press: ? - help, Shift-Dir - straight line, f/p - Grinder
Aim: Grinder (heavily wounded)
The searing ray hits Grinder.
Grinder is heavily wounded. (Press . to maintain the ray.) Grinder gestures at you.
You resist with some effort.
There are no items here.
The searing ray misses Grinder.
Grinder gestures at you.
You suddenly lose the ability to move!
Grinder hits you!
You writhe in agony.
Grinder hits you!
* * * LOW HITPOINT WARNING * * *
You writhe in agony.
You die...

#...# #......#.###.#.#
#.'...⌠.. #..)#
#.........[..#.###.#......
#(..#
#....#.#.###.#...###.⌠...⌠
#...# #......#.#
#####.#<#...... #...#
#....[...# #.....#.####'##
#...#
##.......###.###...#.#...#
#...# #÷####.>..#.#
#####.###.# #...# #.#
#####.#.### #.....# #...#
#.# #..5@.#...# #######
..# #..#..###.# ......
#......# ###### ########


You could see Grinder.

Vanquished Creatures
  The ghost of feelmyfire the Insei, a weakling DgTm (D:3)
  Jessica (D:3)
  An adder (D:2)
  An ooze (D:2)
  A worm (D:2)
  A leopard gecko (D:2)
  An orc (D:2)
  10 bats
  2 giant cockroaches (D:1)
  3 goblins
  3 hobgoblins
  3 jackals (D:1)
  3 quokkas
  4 frilled lizards
  7 kobolds
  7 rats
49 creatures vanquished.

Notes
Turn   | Place    | Note
-------+----------+-------------------------------------------
     0 | D:1      | Mirai the Deep Elf Conjurer began the quest for the Orb.
     0 | D:1      | Reached XP level 1. HP: 10/10 MP: 6/6
   229 | D:1      | Reached skill level 4 in Spellcasting
   229 | D:1      | Reached XP level 2. HP: 15/15 MP: 9/9
   918 | D:2      | Reached skill level 5 in Spellcasting
   918 | D:2      | Reached XP level 3. HP: 19/19 MP: 6/11
  1236 | D:2      | Found a bloodstained altar of Trog.
  1856 | D:3      | Noticed feelmyfire's ghost (weakling DgTm)
  1961 | D:3      | Noticed Jessica
  1963 | D:3      | Killed feelmyfire's ghost
  1963 | D:3      | Reached skill level 6 in Spellcasting
  1963 | D:3      | Reached XP level 4. HP: 18/24 MP: 5/14
  1982 | D:3      | Killed Jessica
  1982 | D:3      | Reached skill level 7 in Spellcasting
  2147 | D:3      | Learned a level 2 spell: Searing Ray
  2152 | D:3      | Learned a level 4 spell: Iskenderun's Mystic Blast
  2157 | D:3      | Learned a level 4 spell: Fulminant Prism
  2274 | D:3      | Noticed Grinder
  2282 | D:3      | Paralysed by Grinder for 3 turns
  2284 | D:3      | Slain by Grinder

Skill      XL: |  1  2  3  4 |
---------------+-------------+-----
Spellcasting   | 4 5 6 7 |  7.0
Dodging        | |  2.4
Stealth        | |  2.4
Conjurations   | |  4.3

Action                   |  1- 3 |  4- 6 || total
-------------------------+-------+-------++-------
Melee: Spear             |    28 |     7 ||    35
 Cast: Magic Dart        |    82 |     9 ||    91
       Searing Ray       |       |     3 ||     3
  Eat: Chunk             |     3 |     1 ||     4
Armor: Robe              |    17 |     1 ||    18
Dodge: Dodged            |    45 |    11 ||    56
